Construct Section Command Post
Selects Australian Defense Battlegroup
Selects Australian Light Infantry Section
Australian Light Infantry Section
Australian Light Infantry Section
Construct Platoon Command Post
Selects 2-pounder Anti-tank Gun Team
2-pounder Anti-tank Gun Team
Australian Light Infantry Section
Construct Company Command Post
Selects CMP 15cwt Supply Run
Selects Reinforced Resource Caches
Unlock M3 Grant Medium Tanks
Selects Charged Creeping Barrage
Construct Field Infirmary
Selects Vehicle Over Repair